 Dungeon Crawl Stone Soup version 0.31-a0-1405-g2bb1a01664 (webtiles) character file.

Game seed: 17627585592964438078

612 BigPumpCobain the Ruffian (level 7, -14/68 HPs)
             Began as a Troll Shapeshifter on Dec 25, 2023.
             Demolished by Duvessa
             ... wielding a +0 short sword
              (18 damage)
             ... on level 4 of the Dungeon.
             The game lasted 00:03:25 (2238 turns).

BigPumpCobain the Ruffian (Troll Shapeshifter)      Turns: 2238, Time: 00:03:26

Health: -14/68     AC:  8    Str: 25    XL:     7   Next: 20%
Magic:  6/6        EV:  9    Int:  6    God:
Gold:   176        SH:  0    Dex:  9    Spells: 6/6 levels left

rFire   . .          .
                       - Unarmed
rCold   . . .        (no shield)
rNeg    . . .        a - +0 animal skin
rPois   .            (helmet currently unavailable)
rElec   .            (cloak currently unavailable)
rCorr   .            (gloves unavailable)
SInv    .            (boots unavailable)
Will    .....        (no amulet)
Stlth   +            i - +4 ring of protection
HPRegen 1.11/turn    (no ring)
MPRegen 0.10/turn

%: no passive effects
@: beast-form
A: beast (slay +2), large, unfitting armour, claws 3, regeneration 1, shaggy fur
1, tough skin 1
a: Begin Untransformation


You were on level 4 of the Dungeon.
You were a hulking beast.
You visited 1 branch of the dungeon, and saw 5 of its levels.

You collected 176 gold pieces.

Inventory:

Armour
 a - a +0 animal skin (worn)
Jewellery
 f - the Hermit's Pendant {Faith Invo=14 Evo=0 MP+5}
   (You found it on level 2 of the Dungeon)

   [amulet of faith]

   Invo=14: It sets your Invocations skill to 14.
   Evo=0: It sets your Evocations skill to 0.
   Faith:     It allows you to gain divine favour quickly.
   MP+5:      It affects your magic capacity (+5).
 i - a +4 ring of protection (left claw)
 m - a +6 ring of intelligence
Talismans
 c - a beast talisman
 d - a flux talisman
Scrolls
 e - a scroll of fog {unknown}
 j - 3 scrolls of identify {unknown}
 k - 4 scrolls of teleportation {unknown}
 l - 3 scrolls of silence {unknown}
 s - a scroll of revelation {unknown}
Potions
 b - 2 potions of lignification
 g - a potion of attraction {unknown}
 h - a potion of magic {unknown}
 n - a potion of cancellation {unknown}
 o - 3 potions of curing {unknown}
 p - a potion of degeneration {unknown}
 q - a potion of mutation {unknown}
 r - a potion of ambrosia {unknown}


   Skills:
 + Level 3.7 Fighting
 - Level 1.5 Dodging
 + Level 5.4 Unarmed Combat
 + Level 5.0 Shapeshifting


You had 6 spell levels left.
You didn't know any spells.
Your spell library contained the following spells:

 Spells                   Type           Power      Damage    Failure   Level
 Vhi's Electric Charge    Tloc/Air       0%         N/A       99%         4
 Arcjolt                  Conj/Air       0%         1d10      100%        5
 Plasma Beam              Fire/Air       0%         2x1d10    100%        6


Dungeon Overview and Level Annotations

Branches:
Dungeon (5/15)
 Temple: D:4-7

Altars:
Kikubaaqudgha
Sif Muna

Annotations:
D:4 Duvessa


Innate Abilities, Weirdness & Mutations

You are a hulking beast.
Your limbs bulge with bestial killing power. (Slay +2)
You are too large for most types of armour.
You have claws for hands.
Your natural rate of healing is unusually fast.
You are covered in fur. (AC +1)
You have tough skin. (AC +1)


Message History

The puff of flame hits you! Duvessa hits you with a +0 short sword.
There is a stone staircase leading up, spattered with blood here.
The adder bites you but does no damage. Dowan closely misses you.
Duvessa hits you with a +0 short sword.
You climb upwards.
There is a stone staircase leading down here.
You closely miss Dowan. You claw Dowan!
Dowan is heavily wounded.
Duvessa hits you but does no damage. Dowan hits you but does no damage.
You scratch Dowan.
Dowan is severely wounded.
Duvessa hits you with a +0 short sword.
Dowan points at you and mumbles some strange words.
The puff of frost hits you!
You scratch Dowan.
Dowan is almost dead.
Duvessa says, "Did you see that move?
Perfect!"
Duvessa hits you but does no damage. Dowan casts a spell at you.
You resist with some effort.
You claw Dowan!
You kill Dowan!
Duvessa screams, "No!
How DARE you!"
Duvessa goes berserk!
Duvessa hits you with a +0 short sword!
Your Shapeshifting skill increases to level 5!
You barely miss the adder. Duvessa misses you. The adder bites you.
Duvessa hits you with a +0 short sword.
You barely miss the adder. The adder barely misses you.
Duvessa hits you with a +0 short sword!
* * * LOW HITPOINT WARNING * * *
The adder barely misses you.
You barely miss the adder. Duvessa hits you with a +0 short sword!
* * * LOW HITPOINT WARNING * * *
The adder bites you.
* * * LOW HITPOINT WARNING * * *
Duvessa closely misses you.
You closely miss the adder. The adder barely misses you.
Duvessa hits you with a +0 short sword!!
You die...

##.............##.#
#####......
###...........##..#
###....
#.............##..#
#####
.....###.....###..#
...### ###...# #..#
.#..#### ##### #..#
##.....## #.##
#.......## #S#
#........# #h#
#........# #e#
.........# #.#
.........# #.#
.........# ##.#
.........# #..#
.....))..# #..#
.......).######..#
#############
.....))).....##..#
#............


You could see Duvessa (berserk) and an adder.

Vanquished Creatures
  An ogre (D:4)
  3 scorpions
  Dowan (D:4)
  A vampire bat (D:3)
  A hound (D:2)
  Natasha (D:4)
  Robin (D:4)
  5 adders
  A worm (D:2)
  A dart slug (D:3)
  3 fire bats (D:3)
  2 orcs (D:3)
  2 spectral bats (D:3)
  3 bat skeletons (D:3)
  A bat zombie (D:3)
  5 endoplasms
  2 giant cockroaches
  10 goblins
  6 hobgoblins
  A jackal (D:3)
  8 kobolds
  2 ball pythons (D:3)
  18 bats
  A bat simulacrum (D:3)
  3 frilled lizards
  4 rats
87 creatures vanquished.

Notes
Turn   | Place    | Note
-------+----------+-------------------------------------------
     0 | D:1      | BigPumpCobain the Troll Shapeshifter began the quest for
                  | the Orb.
     0 | D:1      | Reached XP level 1. HP: 18/18 MP: 0/0
    59 | D:1      | Reached skill level 1 in Fighting
   131 | D:1      | You fall into a shaft and drop 1 floor!
   152 | D:2      | Reached XP level 2. HP: 27/27 MP: 1/1
   174 | D:2      | Found the Hermit's Pendant {Faith Invo=14 Evo=0 MP+5}
   273 | D:2      | Reached XP level 3. HP: 28/33 MP: 2/2
   305 | D:2      | Reached XP level 4. HP: 37/42 MP: 3/3
   862 | D:3      | Reached XP level 5. HP: 50/50 MP: 4/4
  1160 | D:3      | Reached XP level 6. HP: 50/59 MP: 5/5
  1526 | D:4      | Reached skill level 5 in Unarmed Combat
  1660 | D:4      | Noticed Robin
  1675 | D:4      | Killed Robin
  1890 | D:4      | Noticed Natasha
  1905 | D:4      | Killed Natasha
  1965 | D:4      | Found an ancient bone altar of Kikubaaqudgha.
  2087 | D:4      | Reached XP level 7. HP: 67/67 MP: 6/6
  2210 | D:5      | Entered Level 5 of the Dungeon
  2210 | D:5      | Noticed Duvessa
  2210 | D:5      | Noticed Dowan
  2210 | D:5      | Found a shimmering blue altar of Sif Muna.
  2234 | D:4      | Killed Dowan
  2235 | D:4      | Reached skill level 5 in Shapeshifting
  2237 | D:4      | HP: 3/68 [adder (1)]
  2238 | D:4      | Demolished by Duvessa

Illustrated notes

Levels and vault maps discovered:
D:1:      ncdulo_halloftheorcs, layout_loops_ring, reono_crystal_passage
D:2:      minmay_kobold_bridge, layout_basic, serial_bayou_lake_a
D:3:      minmay_chambers_of_twos, layout_basic, goddamned_bats
D:4:      layout_cave_pods, lemuel_doored_altar, kennysheep_cross_room,
          minmay_misc_feat_chi, uniq_natasha, uniq_robin
D:5:      layout_loops_cross, nicolae_wu_jian_immortal_techniques,
          lemuel_tele_altar, nicolae_sif_muna_condensation,
          ebering_dispersal_statue_hall, uniq_blork_the_orc, uniq_duvessa,
          uniq_pikel, uniq_menkaure

Skill      XL: |  1  2  3  4  5  6  7 |
---------------+----------------------+-----
Fighting       | 1 2 3 |  3.7
Unarmed Combat | 4 5 |  5.4
Shapeshifting  | 4 5 |  5.0
Dodging        | |  1.5

Action                     |  1- 3 |  4- 6 |  7- 9 || total
---------------------------+-------+-------+-------++-------
  Melee: Unarmed           |    62 |   151 |    12 ||   225
         Punch             |       |     4 |       ||     4
 Armour: Animal skin       |    41 |   191 |    24 ||   256
  Dodge: Dodged            |    22 |   110 |     7 ||   139

Table legend: (Time is in decaauts)
 A = Elapsed time spent in this place.
 B = Non-inter-level travel time spent in this place.
 C = Inter-level travel time spent in this place.
 D = Time resting spent in this place.
 E = Time spent auto-exploring this place.
 F = Levels seen in this place.
 G = Mean time per level.
                   A        B        C        D        E       F      G
               +--------+--------+--------+--------+--------+-----+--------+
         Total |   2231 |   2175 |     56 |      5 |   1733 |   5 |  446.2 |
       Dungeon |   2231 |   2175 |     56 |      5 |   1733 |   5 |  446.2 |
               +--------+--------+--------+--------+--------+-----+--------+

Top non-repeatable levels by time:
     D:4: 907 daAuts
     D:3: 628 daAuts
     D:2: 559 daAuts
     D:1: 130 daAuts
     D:5: 6 daAuts
